 Dungeon Crawl Stone Soup version 0.29.1-1-gd02db6906a (webtiles) character file.

Game seed: 4829525341560884894

13009 mtoz the Fighter (level 12, -8/100 HPs)
             Began as a Gnoll Wanderer on Sept 17, 2022.
             Was an Elder of Lugonu.
             Mangled by a komodo dragon simulacrum (22 damage)
             ... in an ice cave.
             The game lasted 01:18:31 (13618 turns).

mtoz the Fighter (Gnoll Wanderer)                  Turns: 13618, Time: 01:18:32

Health: -8/100     AC: 27    Str: 11    XL:     12   Next: 1%
Magic:  23/23      EV:  0    Int: 16    God:    Lugonu [****..]
Gold:   899        SH:  7    Dex: 25    Spells: 23/26 levels left

rFire   . . .      SeeInvis +   s - +3 demon blade (drain)
rCold   . . .      Faith    .   n - +0 buckler
rNeg    . . .      Spirit   .   C - +1 crystal plate armour
rPois   .          Reflect  .   G - +0 helmet
rElec   .          Harm     .   k - +0 cloak
rCorr   .          Rampage  .   m - +0 pair of gloves
Will    +....                   H - +3 pair of boots of Vophuan {Dex+6}
Stlth   ..........              (no amulet)
HPRegen 0.26/turn               U - ring of willpower
MPRegen 0.18/turn               h - +6 ring of dexterity

@: studying Earth Magic
A: fangs 1, strong nose, distributed training, see invisible, screaming 1
a: Renounce Religion, Depart the Abyss, Bend Space, Banish, Corrupt


You were in an ice cave.
You worshipped Lugonu.
Lugonu was greatly pleased with you.
You visited 1 branch of the dungeon, and saw 11 of its levels.
You also visited: Ice Cave.

You collected 974 gold pieces.
You spent 75 gold pieces at shops.

Inventory:

Hand Weapons
 c - a +1 morningstar of protection
 j - a +2 war axe of venom
 l - a +0 great mace
 p - a +2 morningstar of draining
 s - a +3 demon blade of draining (weapon)
 u - a +3 glaive
 B - a +2 trident of pain
 I - a +5 vorpal spear
 X - the +1 war axe of Tatwiuce {spect, rPois rN+++ Str+4 Int-2}
   (You found it on level 9 of the Dungeon)

   When its wielder attacks, the weapon's spirit leaps out and strikes again.
   The spirit shares a part of any damage it takes with its wielder.
   Str:       It affects your strength (+4).
   Int:       It affects your intelligence (-2).
   rPois:     It protects you from poison.
   rN:        It renders you almost immune to negative energy.
Missiles
 w - 27 stones (quivered)
 A - 2 curare-tipped darts
 R - 2 silver boomerangs
 T - 4 datura-tipped darts
 V - 4 poisoned darts
Armour
 k - a +0 cloak (worn)
 m - a +0 pair of gloves (worn)
 n - a +0 buckler (worn)
 x - a +0 ring mail
 C - a +1 crystal plate armour (worn)
 G - a +0 helmet (worn)
 H - the +3 pair of boots of Vophuan (worn) {Dex+6}
   (You found it on level 5 of the Dungeon)

   Dex:       It affects your dexterity (+6).
 J - a +0 troll leather armour
 Y - a +0 tower shield
 Z - an orb of light
Jewellery
 h - a +6 ring of dexterity (right hand)
 i - a ring of protection from fire
 t - the ring "Mimuyviaz" {Ice *Slow +Blink Int+2}
   (You found it on level 3 of the Dungeon)

   [ring of ice]

   It enhances your ice magic.
   Int:       It affects your intelligence (+2).
   rF:        It makes you vulnerable to fire.
   rC:        It protects you from cold.
   +Blink:    It lets you blink.
   *Slow:     It may slow you when you take damage.
 z - the ring of Stoicism {Int+6 Dex+4}
   (You found it in an ice cave)

   [ring of intelligence]

   Int:       It affects your intelligence (+6).
   Dex:       It affects your dexterity (+4).
 E - a ring of magical power
 F - a ring of fire
 U - a ring of willpower (left hand)
Wands
 y - a wand of digging (4)
 M - a wand of charming (4)
Scrolls
 a - a scroll of torment
 b - 2 scrolls of fear
 g - 2 scrolls of immolation
 o - 3 scrolls of butterflies
 K - 4 scrolls of teleportation
 N - 2 scrolls of vulnerability
 P - a scroll of brand weapon
 W - a scroll of amnesia
Potions
 d - 2 potions of cancellation
 e - 2 potions of haste
 f - 5 potions of might
 q - a potion of magic
 r - a potion of heal wounds
 v - a potion of invisibility
 D - a potion of ambrosia
 L - a potion of resistance
 O - a potion of berserk rage
 Q - 3 potions of mutation
 S - a potion of curing


   Skills:
 + Level 11.1 Fighting
 + Level 7.1 Short Blades
 + Level 8.5 Long Blades
 + Level 7.1 Axes
 + Level 7.1 Maces & Flails
 + Level 7.1 Polearms
 + Level 7.1 Staves
 + Level 7.1 Ranged Weapons
 + Level 7.1 Throwing
 + Level 7.1 Armour
 + Level 7.6 Dodging
 + Level 7.1 Stealth
 + Level 7.1 Shields
 + Level 7.1 Unarmed Combat
 + Level 7.7 Spellcasting
 + Level 5.9 Conjurations
 + Level 5.9 Hexes
 + Level 5.9 Summonings
 + Level 5.9 Necromancy
 + Level 5.9 Translocations
 + Level 5.9 Transmutations
 + Level 7.1 Fire Magic
 + Level 5.9 Ice Magic
 + Level 5.9 Air Magic
 + Level 8.1 Earth Magic
 + Level 5.9 Poison Magic
 + Level 7.8 Invocations
 + Level 7.1 Evocations


You had 23 spell levels left.
You knew the following spells:

 Your Spells              Type           Power      Damage    Failure   Level
a - Foxfire               Conj/Fire      100%       2x1d9     100%        1
b - Scorch                Fire           56%        2d8       100%        2

Your spell library contained the following spells:

 Spells                   Type           Power      Damage    Failure   Level
 Ensorcelled Hibernation  Hex/Ice        50%        N/A       100%        2
 Passwall                 Tmut/Erth      23%        N/A       100%        2
 Static Discharge         Conj/Air       25%        3-7/arc   100%        2
 Ignite Poison            Fire/Tmut/Pois 26%        N/A       100%        3
 Swiftness                Air            25%        N/A       100%        3
 Dispel Undead            Necr           25%        3d12      100%        4
 Sticky Flame             Conj/Fire      27%        2d5       100%        4
 Summon Ice Beast         Ice/Summ       25%        N/A       100%        4
 Blade Hands              Tmut           12%        N/A       100%        5
 Irradiate                Conj/Tmut      12%        3d15      100%        5
 Summon Forest            Summ/Tloc      12%        N/A       100%        5
 Summon Mana Viper        Hex/Summ       25%        N/A       100%        5
 Eringya's Noxious Bog    Tmut/Pois      12%        N/A       100%        6
 Dragon Form              Tmut           12%        N/A       100%        7
 Monstrous Menagerie      Summ           12%        N/A       100%        7
 Summon Hydra             Summ           12%        N/A       100%        7


Dungeon Overview and Level Annotations

Branches:
Dungeon (11/15)            Temple (0/1) D:4            Lair (0/5) D:9
    Orc (0/2) D:11          IceCv (1/1)

Altars:
Elyvilon
Gozag
Hepliaklqana
Kikubaaqudgha
Nemelex Xobeh
Trog
The Shining One
Lugonu

Shops:
D:10 *

Annotations:
D:8 1 runed translucent door


Innate Abilities, Weirdness & Mutations

You have very sharp teeth.
Your uncanny sense of smell can sniff out nearby items.
Your experience applies equally to all skills.
You have supernaturally acute eyesight. (SInv)
You occasionally shout uncontrollably at your foes.


Message History

You block the steam dragon simulacrum's attack.
The steam dragon simulacrum claws you but does no damage.
You hit the steam dragon simulacrum.
The steam dragon simulacrum is severely damaged.
You block the steam dragon simulacrum's attack.
The steam dragon simulacrum claws you but does no damage.
You block the steam dragon simulacrum's attack.
The steam dragon simulacrum claws you but does no damage.
You slice the steam dragon simulacrum!!
The steam dragon simulacrum vaporises!
Lugonu accepts your kill.
You slice the steam dragon simulacrum!!
The steam dragon simulacrum vaporises!
Lugonu accepts your kill.
The acid dragon simulacrum bites you but does no damage.
The acid dragon simulacrum claws you but does no damage.
You slash the acid dragon simulacrum!
The acid dragon simulacrum is almost destroyed.
The acid dragon simulacrum bites you but does no damage.
You block the acid dragon simulacrum's attack.
You hit the acid dragon simulacrum but do no damage.
The acid dragon simulacrum is almost destroyed.
The komodo dragon simulacrum bites you but does no damage.
You barely miss the acid dragon simulacrum.
The acid dragon simulacrum is almost destroyed.
The acid dragon simulacrum bites you!
* * * LOW HITPOINT WARNING * * *
The acid dragon simulacrum freezes you!
* * * LOW HITPOINT WARNING * * *
The acid dragon simulacrum claws you but does no damage.
You block the komodo dragon simulacrum's attack.
You hit the acid dragon simulacrum.
You bite the acid dragon simulacrum, but do no damage.
The acid dragon simulacrum is almost destroyed.
The acid dragon simulacrum completely misses you.
The acid dragon simulacrum claws you but does no damage.
The komodo dragon simulacrum bites you.
* * * LOW HITPOINT WARNING * * *
The komodo dragon simulacrum freezes you!!
You die...

##.###
##.#..###
#...#...##
####.#####..##
#...## ##..##
#..## #...###
##.# ##.#..#
#.## #..#.##
##.## ####Z@#
#.#.# #.Z##
#..## #$$##
#.## .$(" #..#
##..Z ##.##
#$$. #..# ##..
##.## #.#.#


You could see a komodo dragon simulacrum and an acid dragon simulacrum.

Vanquished Creatures
  A cyclops (D:11)
  2 ice statues (IceCv)
  4 rime drakes
  3 trolls
  3 polar bears (D:11)
  A hornet (D:7)
  Sigmund (D:6)
  A wyvern (D:7)
  A wraith (D:10)
  12 yaks
  Eustachio (D:4)
  A water moccasin (D:8)
  An acid dragon (D:11)
  8 orc warriors
  2 ice beasts
  3 black bears
  2 wolves (D:11)
  A centaur (D:8)
  2 ogres
  Blork the orc (D:6)
  A necrophage (D:6)
  7 bullfrogs
  3 scorpions
  A gnoll sergeant (D:10)
  6 wights (D:10)
  3 killer bees (D:7)
  2 lindwurm simulacra (IceCv)
  2 howler monkeys (D:9)
  4 hounds
  7 orc priests
  8 komodo dragon simulacra (IceCv)
  A gnoll bouda (D:7)
  4 jellies
  2 iguanas
  Natasha (thrice) (D:4)
  6 orc wizards
  5 acid dragon simulacra (IceCv)
  9 gnolls
  9 adders
  2 shadow imps
  A white imp (D:5)
  4 steam dragon simulacra (IceCv)
  3 ufetubi
  A worm (D:2)
  3 dart slugs
  42 orcs
  5 bats
  8 endoplasms
  3 giant cockroaches
  9 goblins
  10 hobgoblins
  6 quokkas
  2 ball pythons
  A frilled lizard (D:3)
  2 goblin skeletons (D:8)
  3 hobgoblin zombies (D:8)
  7 kobolds
  2 kobold zombies (D:8)
  An orc skeleton (D:8)
  8 rats
257 creatures vanquished.

Vanquished Creatures (collateral kills)
  A foxfire (D:1)
1 creature vanquished.

Vanquished Creatures (others)
  214 foxfires
  5 fungi (D:9)
  2 plants (D:1)
221 creatures vanquished.

Grand Total: 479 creatures vanquished

Notes
Turn   | Place    | Note
-------+----------+-------------------------------------------
     0 | D:1      | mtoz the Gnoll Wanderer began the quest for the Orb.
     0 | D:1      | mtoz set off with the following items: a +1 falchion, a
                  | scroll of fear, a +0 robe; and the following spell
                  | memorised: Foxfire; and the following spells available to
                  | memorise: Scorch, Ignite Poison.
     0 | D:1      | Reached XP level 1. HP: 26/26 MP: 4/4
   279 | D:1      | Reached XP level 2. HP: 33/33 MP: 3/5
   648 | D:1      | Reached XP level 3. HP: 26/38 MP: 0/7
  1038 | D:1      | Reached skill level 1 in Invocations
  1048 | D:1      | Found a faded altar of an unknown god.
  1219 | D:1      | Prayed at the altar of an unknown god.
  1219 | D:1      | Became a worshipper of Lugonu the Unformed
  1219 | D:1      | Reached * piety under Lugonu
  1219 | D:1      | Reached ** piety under Lugonu
  1519 | D:2      | Reached skill level 1 in Short Blades
  1519 | D:2      | Reached skill level 1 in Axes
  1519 | D:2      | Reached skill level 1 in Maces & Flails
  1519 | D:2      | Reached skill level 1 in Polearms
  1519 | D:2      | Reached skill level 1 in Staves
  1519 | D:2      | Reached skill level 1 in Ranged Weapons
  1519 | D:2      | Reached skill level 1 in Throwing
  1519 | D:2      | Reached skill level 1 in Armour
  1519 | D:2      | Reached skill level 1 in Stealth
  1519 | D:2      | Reached skill level 1 in Shields
  1519 | D:2      | Reached skill level 1 in Unarmed Combat
  1519 | D:2      | Reached skill level 1 in Evocations
  1627 | D:2      | Reached XP level 4. HP: 45/45 MP: 6/8
  2173 | D:2      | Learned a level 2 spell: Scorch
  2175 | D:2      | Reached skill level 1 in Conjurations
  2175 | D:2      | Reached skill level 1 in Hexes
  2175 | D:2      | Reached skill level 1 in Summonings
  2175 | D:2      | Reached skill level 1 in Necromancy
  2175 | D:2      | Reached skill level 1 in Translocations
  2175 | D:2      | Reached skill level 1 in Transmutations
  2175 | D:2      | Reached skill level 1 in Ice Magic
  2175 | D:2      | Reached skill level 1 in Air Magic
  2175 | D:2      | Reached skill level 1 in Earth Magic
  2175 | D:2      | Reached skill level 1 in Poison Magic
  2677 | D:3      | Reached XP level 5. HP: 30/51 MP: 0/9
  3108 | D:3      | Reached *** piety under Lugonu
  3236 | D:3      | Identified the ring "Mimuyviaz" {Ice *Slow +Blink Int+2}
  3728 | D:4      | Found a staircase to the Ecumenical Temple.
  3953 | D:4      | Noticed Natasha
  3959 | D:4      | Reached XP level 6. HP: 57/57 MP: 11/11
  3962 | D:4      | Killed Natasha
  3963 | D:4      | Reached skill level 5 in Long Blades
  4005 | D:4      | Found an opulent altar of Gozag.
  4036 | D:4      | Noticed Natasha
  4041 | D:4      | Noticed Eustachio
  4182 | D:4      | Killed Eustachio
  4188 | D:4      | Killed Natasha
  4341 | D:4      | Noticed Natasha
  4351 | D:4      | Killed Natasha
  4352 | D:4      | Reached XP level 7. HP: 38/63 MP: 12/12
  4691 | D:5      | Entered Level 5 of the Dungeon
  4765 | D:5      | Identified the +3 pair of boots of Vophuan {Dex+6}
  5001 | D:5      | Reached skill level 9 in Fighting
  5001 | D:5      | Noticed Blork the orc
  5206 | D:6      | Reached XP level 8. HP: 65/71 MP: 14/14
  5255 | D:6      | Killed Blork the orc
  5489 | D:5      | Found a sparkling altar of Nemelex Xobeh.
  5491 | D:5      | Found a bloodstained altar of Trog.
  5516 | D:5      | Reached **** piety under Lugonu
  5984 | D:6      | Gained mutation: You occasionally lose the ability to drink
                  | potions when taking damage. [potion of mutation]
  5984 | D:6      | Gained mutation: You occasionally shout uncontrollably at
                  | your foes. [potion of mutation]
  5984 | D:6      | Gained mutation: You occasionally lose the ability to read
                  | scrolls when taking damage. [potion of mutation]
  6063 | D:6      | Noticed Sigmund
  6073 | D:6      | Killed Sigmund
  6211 | D:6      | Reached skill level 5 in Fire Magic
  6570 | D:6      | Reached XP level 9. HP: 55/77 MP: 16/16
  6729 | D:7      | Reached skill level 5 in Spellcasting
  7086 | D:7      | Reached skill level 5 in Dodging
  7440 | D:7      | Noticed a hornet
  7447 | D:7      | Killed a hornet
  7632 | D:7      | Reached skill level 5 in Invocations
  7845 | D:7      | Reached skill level 5 in Earth Magic
  7923 | D:8      | Noticed a sixfirhy
  7923 | D:8      | Found a runed translucent door.
  8372 | D:8      | Lost mutation: You occasionally lose the ability to drink
                  | potions when taking damage. [potion of mutation]
  8372 | D:8      | Lost mutation: You occasionally lose the ability to read
                  | scrolls when taking damage. [potion of mutation]
  8372 | D:8      | Gained mutation: You have supernaturally acute eyesight.
                  | (SInv) [potion of mutation]
  8483 | D:8      | Found a glowing golden altar of the Shining One.
  8495 | D:8      | Reached ***** piety under Lugonu
  8540 | D:8      | Found a white marble altar of Elyvilon.
  8584 | D:8      | Found an ancient bone altar of Kikubaaqudgha.
  8953 | D:9      | Reached skill level 5 in Short Blades
  8953 | D:9      | Reached skill level 5 in Axes
  8953 | D:9      | Reached skill level 5 in Maces & Flails
  8953 | D:9      | Reached skill level 5 in Polearms
  8953 | D:9      | Reached skill level 5 in Staves
  8953 | D:9      | Reached skill level 5 in Ranged Weapons
  8953 | D:9      | Reached skill level 5 in Throwing
  8953 | D:9      | Reached skill level 5 in Armour
  8953 | D:9      | Reached skill level 5 in Stealth
  8953 | D:9      | Reached skill level 5 in Shields
  8953 | D:9      | Reached skill level 5 in Unarmed Combat
  8953 | D:9      | Reached skill level 5 in Evocations
  8953 | D:9      | Reached XP level 10. HP: 77/85 MP: 18/18
  9139 | D:9      | Reached skill level 10 in Fighting
  9449 | D:9      | Found a staircase to the Lair.
  9465 | D:9      | Noticed a gargoyle
  9473 | D:9      | Banished a gargoyle
  9699 | D:9      | Identified the +1 war axe of Tatwiuce {spect, rPois rN+++
                  | Str+4 Int-2}
 10559 | D:10     | Entered Level 10 of the Dungeon
 10809 | D:10     | Found Ifith's General Store.
 11093 | D:9      | Reached skill level 5 in Conjurations
 11093 | D:9      | Reached skill level 5 in Hexes
 11093 | D:9      | Reached skill level 5 in Summonings
 11093 | D:9      | Reached skill level 5 in Necromancy
 11093 | D:9      | Reached skill level 5 in Translocations
 11093 | D:9      | Reached skill level 5 in Transmutations
 11093 | D:9      | Reached skill level 5 in Ice Magic
 11093 | D:9      | Reached skill level 5 in Air Magic
 11093 | D:9      | Reached skill level 5 in Poison Magic
 11106 | D:10     | Reached XP level 11. HP: 46/92 MP: 21/21
 11294 | D:10     | Found a hazy altar of Hepliaklqana.
 11326 | D:10     | Bought a scroll of enchant weapon for 75 gold pieces
 11356 | D:10     | Noticed a centaur warrior
 11359 | D:10     | Banished a centaur warrior
 11767 | D:11     | Noticed a cyclops
 11781 | D:11     | Killed a cyclops
 12200 | D:11     | Found a staircase to the Orcish Mines.
 12288 | D:11     | Found a frozen archway.
 12332 | IceCv    | Entered an ice cave
 13164 | IceCv    | Noticed a white draconian
 13177 | IceCv    | Reached skill level 11 in Fighting
 13182 | IceCv    | Banished a white draconian
 13504 | IceCv    | Identified the ring of Stoicism {Int+6 Dex+4}
 13606 | IceCv    | Reached XP level 12. HP: 62/100 MP: 23/23
 13618 | IceCv    | Mangled by a komodo dragon simulacrum

Illustrated notes

Levels and vault maps discovered:
D:1:      saegor_arrival_miasma, layout_loops_cross,
          shapermc_ecumenical_altar_mp_ritualfount, minmay_pentomino_p4
D:2:      layout_basic, corexii_corridor_pit, serial_park_tiny_1,
          minmay_indecisive_spiral
D:3:      layout_rooms, guppyfry_early_orc_mine
D:4:      layout_rooms, grunt_gozag_statues, minmay_temple_entry_junction,
          uniq_eustachio, uniq_natasha
D:5:      layout_basic, mainiacjoe_overflow_big_doors, minmay_bent,
          uniq_blork_the_orc
D:6:      layout_cave_pools, kennysheep_potato, uniq_sigmund
D:7:      layout_basic
D:8:      cheibrodos_shockbox, layout_loops_ring, nicolae_tso_besieged_by_evil,
          old_standard_altar, nicolae_overflow_crystal_walls, hex_medium
D:9:      layout_loops_ring, grunt_lair_entry_orc_guard_hut
D:10:     layout_rooms, mainiacjoe_overflow_tiny_flanked, serial_shops,
          nicolae_shop_crystal, minivault_20
D:11:     layout_rooms, david_orc_1_choice,
          portal_ice_cave_entry_animals_and_master
IceCv:    ice_cave_small_dragons

Skill      XL: |  1  2  3  4  5  6  7  8  9 10 11 |
---------------+----------------------------------+-----
Invocations    | 1 2 3 4 5 6 7 |  7.8
Short Blades   | 1 2 3 5 6 7 |  7.1
Axes           | 1 2 3 5 6 7 |  7.1
Maces & Flails | 1 2 3 5 6 7 |  7.1
Polearms       | 1 2 3 5 6 7 |  7.1
Staves         | 1 2 3 5 6 7 |  7.1
Ranged Weapons | 1 2 3 5 6 7 |  7.1
Throwing       | 1 2 3 5 6 7 |  7.1
Armour         | 1 2 3 5 6 7 |  7.1
Stealth        | 1 2 3 5 6 7 |  7.1
Shields        | 1 2 3 5 6 7 |  7.1
Unarmed Combat | 1 2 3 5 6 7 |  7.1
Evocations     | 1 2 3 5 6 7 |  7.1
Spellcasting   | 3 4 5 6 7 |  7.7
Conjurations   | 1 2 3 4 5 |  5.9
Hexes          | 1 2 3 4 5 |  5.9
Summonings     | 1 2 3 4 5 |  5.9
Necromancy     | 1 2 3 4 5 |  5.9
Translocations | 1 2 3 4 5 |  5.9
Transmutations | 1 2 3 4 5 |  5.9
Ice Magic      | 1 2 3 4 5 |  5.9
Air Magic      | 1 2 3 4 5 |  5.9
Earth Magic    | 1 2 4 5 6 8 |  8.1
Poison Magic   | 1 2 3 4 5 |  5.9
Dodging        | 3 4 5 6 7 |  7.6
Fire Magic     | 4 5 6 7 |  7.1
Long Blades    | 5 6 7 8 |  8.5
Fighting       | 9 10 11 | 11.1

Action                   |  1- 3 |  4- 6 |  7- 9 | 10-12 || total
-------------------------+-------+-------+-------+-------++-------
Melee: Falchion          |    15 |     1 |       |       ||    16
       Bite              |     4 |    11 |    28 |    59 ||   102
       Demon blade       |       |    50 |   217 |   300 ||   567
       Punch             |       |       |     6 |     2 ||     8
Throw: Stone             |       |    26 |     3 |    37 ||    66
       Dart              |       |     6 |    52 |    28 ||    86
       Boomerang         |       |       |       |    42 ||    42
 Cast: Foxfire           |    55 |    73 |       |       ||   128
       Scorch            |       |     1 |       |       ||     1
Invok: Bend Space        |     1 |     1 |       |     1 ||     3
       Banish            |       |       |       |    12 ||    12
Evoke: Wand              |       |       |       |     1 ||     1
  Use: Scroll            |       |     5 |    11 |     5 ||    21
       Potion            |       |       |     7 |     3 ||    10
Armor: Robe              |     5 |       |       |       ||     5
       Leather armour    |     8 |    14 |       |       ||    22
       Crystal plate arm |       |    38 |   252 |   244 ||   534
Dodge: Dodged            |    35 |    33 |     9 |    14 ||    91
Block: Tower shield      |       |       |       |    50 ||    50
       Buckler           |       |       |       |    70 ||    70
